 Dungeon Crawl Stone Soup version 0.31.0-9-g3a7656b989 (webtiles) character file.

Game seed: 12576216833439533422

27 qw the Shooter (level 2, -1/14 HPs)
             Began as a Spriggan Hunter on Feb 2, 2024.
             Succumbed to their own poison gas
             ... on level 1 of the Dungeon.
             The game lasted 00:00:01 (473 turns).

qw the Shooter (Spriggan Hunter)                     Turns: 473, Time: 00:00:02

Health: -1/14      AC:  2    Str:  7    XL:     2   Next: 93%
Magic:  3/3        EV: 19    Int: 10    God:
Gold:   39         SH:  0    Dex: 18    Spells: 1/1 levels left

rFire   . . .        a - +0 shortbow
rCold   . . .        (shield currently unavailable)
rNeg    . . .        c - +0 robe
rPois   .            (helmet restricted)
rElec   .            (no cloak)
rCorr   .            (gloves unavailable)
SInv    +            (boots unavailable)
Will    .....        (no amulet)
Stlth   ++           (no ring)
HPRegen 0.22/turn    (no ring)
MPRegen 0.08/turn

%: no passive effects
@: lethally poisoned (-1 -> -9), very quick
A: very small, no large weapons, unfitting armour, see invisible, speed 3
a: no special abilities


You were on level 1 of the Dungeon.
You visited 1 branch of the dungeon, and saw 1 of its levels.

You collected 78 gold pieces.
You spent 39 gold pieces at shops.


Innate Abilities, Weirdness & Mutations

You are very small and have problems with some larger weapons.
You are too small for most types of armour.
You have supernaturally acute eyesight. (SInv)
You cover ground extremely quickly. (Speed+++)


   Skills:
 - Level 1.5 Fighting
 + Level 4.4 Ranged Weapons
 - Level 4.0 Dodging
 - Level 1.5 Stealth


You had one spell level left.
You didn't know any spells.
Your spell library was empty.

Inventory:

Hand Weapons
 a - a +0 shortbow (weapon)
Armour
 c - a +0 robe (worn)
Scrolls
 h - a scroll of teleportation
Potions
 g - a potion of enlightenment

Dungeon Overview and Level Annotations

Branches:
Dungeon (1/15)

Altars:

Shops:
D:1 ?


Message History

As you read the scroll labelled SYTIWEOREYN, it crumbles to dust.
It was a scroll of poison.
Done exploring.
465 ||| READING 2 scrolls labelled WAAPTY NOAVIXU.
As you read the scroll labelled WAAPTY NOAVIXU, it crumbles to dust.
It is a scroll of identify.
465 ||| IDENTIFYING sedimented ruby potion
e - a potion of lignification Done exploring.
466 ||| READING scroll of identify.
466 ||| IDENTIFYING dark potion
As you read the scroll of identify, it crumbles to dust.
g - a potion of enlightenment Done exploring.
467 ||| DROPPING scroll of butterflies.
You drop a scroll of butterflies.
Done exploring.
468 ||| DROPPING potion of lignification.
You drop a potion of lignification.
Done exploring.
What level of the Dungeon? (default 1, ? - help) Sorry, I don't know how to get there.
Enter note:
Enter note:
Enter note:
Enter note:
Enter note:
Enter note: You are engulfed in poison gas.
You are lethally poisoned!
You feel very sick.
470 ||| Stepping ~*~*~tactically~*~*~ (cloud).
You feel sick.
Things that are here:
a potion of lignification; a scroll of butterflies; a ring of wizardry
There is a lethal amount of poison in your body!
You feel very sick.
There is a lethal amount of poison in your body!
You feel sick.
There is a lethal amount of poison in your body!
You die...

##.##.##...#..#.###
#0##.##..%#..#.#..
#¤##..'......#.#[.
#¤#####...#.##.#..
#¤# #####....#..
#¤# ######.. #¤#
### #¤# # #@# # #0#
# #¤# # #0# # #¤#
### #0# #.. #¤# #..
### #.. #..


There were no monsters in sight!

Vanquished Creatures
  2 bats (D:1)
  3 endoplasms (D:1)
  2 giant cockroaches (D:1)
  2 goblins (D:1)
  3 hobgoblins (D:1)
  A kobold (D:1)
  3 quokkas (D:1)
  A ball python (D:1)
  2 frilled lizards (D:1)
  5 rats (D:1)
24 creatures vanquished.

Notes
Turn   | Place    | Note
-------+----------+-------------------------------------------
     0 | D:1      | qw the Spriggan Hunter began the quest for the Orb.
     0 | D:1      | Reached XP level 1. HP: 10/10 MP: 2/2
     0 | D:1      | 0 ||| qw: Version: 0.3-a-155-g5e7d8dd
     0 | D:1      | 0 ||| qw: Game counter: 790
     0 | D:1      | 0 ||| qw: Melee chars always use a shield: true
     0 | D:1      | 0 ||| qw: God list: Okawaru
     0 | D:1      | 0 ||| qw: Allow faded altars: false
     0 | D:1      | 0 ||| qw: Do Orc after clearing Dungeon:15 true
     0 | D:1      | 0 ||| qw: Do second Lair branch before Depths: true
     0 | D:1      | 0 ||| qw: Lair rune preference: random
     0 | D:1      | 0 ||| qw: Goals: Normal
     0 | D:1      | 0 ||| PLANNING D:1-11
    50 | D:1      | Reached skill level 3 in Dodging
    80 | D:1      | Reached XP level 2. HP: 13/14 MP: 3/3
   292 | D:1      | Found The Oracle's Delphic Readings.
   296 | D:1      | 296 ||| SHOPLISTING scroll of acquirement (676 gold, have
                  | 50).
   296 | D:1      | 296 ||| SHOPLISTING scroll of brand weapon (123 gold, have
                  | 50).
   296 | D:1      | 296 ||| BUYING scroll of teleportation (39 gold).
   296 | D:1      | Bought a scroll of teleportation for 39 gold pieces
   463 | D:1      | 463 ||| DROPPING ring of wizardry.
   464 | D:1      | 464 ||| READING scroll labelled SYTIWEOREYN.
   465 | D:1      | 465 ||| READING 2 scrolls labelled WAAPTY NOAVIXU.
   465 | D:1      | 465 ||| IDENTIFYING sedimented ruby potion
   466 | D:1      | 466 ||| READING scroll of identify.
   466 | D:1      | 466 ||| IDENTIFYING dark potion
   467 | D:1      | 467 ||| DROPPING scroll of butterflies.
   468 | D:1      | 468 ||| DROPPING potion of lignification.
   470 | D:1      | 470 ||| Stepping ~*~*~tactically~*~*~ (cloud).
   471 | D:1      | HP: 2/14 [poisoned by you (poison gas)]
   473 | D:1      | Succumbed to their own poison gas

Levels and vault maps discovered:
D:1:      dpeg_arrival_erosion, layout_basic, hangedman_decor_lopped,
          nicolae_nh_oracle_at_delphi

Skill      XL: |  1  2 |
---------------+-------+-----
Dodging        | 3 4 |  4.0
Fighting       | |  1.5
Ranged Weapons | |  4.4
Stealth        | |  1.5

Action                     || total
---------------------------++-------
   Fire: Shortbow          ||    66
    Use: Scroll            ||     3
 Armour: Robe              ||     5
  Dodge: Dodged            ||    22

Table legend:
 A = Non-vault XP
 B = Vault XP
 C = Vault XP percentage of total XP
 D = Non-vault monster count
 E = Vault monster count
 F = Vault count percentage of total count
                 A         B        C        D         E       F
            +---------+---------+-------+---------+---------+-------
      Total |      35 |       4 |  10.3 |      22 |       2 |   8.3
            +---------+---------+-------+---------+---------+-------
        D:1 |      35 |       4 |  10.3 |      22 |       2 |   8.3
            +---------+---------+-------+---------+---------+-------
